 Dungeon Crawl Stone Soup version 0.28-a0-723-g095bd1b44f (webtiles) character file.

Game seed: 3278989356911486548

1586 flotson the Skirmisher (level 8, -3/64 HPs)
             Began as a Demonspawn Delver on Oct 25, 2021.
             Was an Initiate of Gozag.
             Slain by a hornet zombie (8 damage)
             ... on level 6 of the Dungeon.
             The game lasted 00:11:24 (6591 turns).

flotson the Skirmisher (Demonspawn Delver)          Turns: 6591, Time: 00:11:25

Health: -3/64      AC:  8    Str: 14    XL:     8   Next: 61%
Magic:  10/11      EV: 15    Int: 12    God:    Gozag
Gold:   314        SH:  6    Dex: 15    Spells: 9/11 levels left

rFire   + . .      SeeInvis .   w - +2 quarterstaff (chaos)
rCold   . . .      Faith    .   (shield currently unavailable)
rNeg    . . .      Spirit   .   j - +0 scale mail
rPois   .          Reflect  .   (no helmet)
rElec   .          Harm     .   p - +0 cloak
rCorr   .          Rampage  .   (gloves unavailable)
Will    .....                   (no boots)
Stlth   +.........              A - amulet of the acrobat
HPRegen 0.20/turn               l - +4 ring of evasion
MPRegen 0.12/turn               s - ring of protection from fire

@: gold aura
A: large bone plates 2, demonic magic 2, demonic touch 3
a: Renounce Religion, Potion Petition, Call Merchant, Bribe Branch


You were on level 6 of the Dungeon.
You worshipped Gozag.
Gozag was aware of your devotion.
You visited 2 branches of the dungeon, and saw 7 of its levels.
You also visited: Sewer.

You collected 403 gold pieces.
You paid 89 gold pieces to Gozag.

Inventory:

Hand Weapons
 a - a +0 trident
 b - a +0 hand crossbow
 h - a +0 hand axe
 w - a +2 quarterstaff of chaos (weapon)
Missiles
 u - 34 bolts
 B - 12 poisoned darts (quivered)
 D - 3 boomerangs
Armour
 j - a +0 scale mail (worn)
 p - a +0 cloak (worn)
Jewellery
 l - a +4 ring of evasion (left hand)
 s - a ring of protection from fire (right hand)
 A - an amulet of the acrobat (around neck)
Wands
 g - a wand of digging (3)
 y - a wand of flame (27)
Scrolls
 c - a scroll of fog
 e - a scroll of fear
 k - a scroll of brand weapon {unknown}
 m - 2 scrolls of holy word {unknown}
 n - 2 scrolls of amnesia {unknown}
 o - 4 scrolls of identify {unknown}
 x - 2 scrolls of enchant weapon {unknown}
 z - 3 scrolls of enchant armour {unknown}
Potions
 d - a potion of lignification {unknown}
 f - a potion of brilliance {unknown}
 i - a potion of curing
 q - 3 potions of flight
 v - a potion of magic {unknown}
 C - a potion of ambrosia {unknown}


   Skills:
 + Level 5.9 Fighting
 - Level 1.7 Axes
 + Level 2.5 Throwing
 + Level 4.4 Armour
 + Level 4.9 Dodging
 - Level 4.5 Stealth
 + Level 2.1 Spellcasting
 + Level 2.1 Hexes
 + Level 2.0 Ice Magic
 + Level 2.8 Evocations


You had 9 spell levels left.
You knew the following spells:

 Your Spells              Type           Power      Damage    Failure   Level
a - Ensorcelled Hibernat  Hex/Ice        12%        N/A       56%         2

Your spell library contained the following spells:

 Spells                   Type           Power      Damage    Failure   Level
 Static Discharge         Conj/Air       1%         N/A       85%         2
 Gell's Gravitas          Tloc           0%         N/A       97%         3
 Spider Form              Tmut/Pois      0%         N/A       97%         3
 Teleport Other           Tloc           1%         N/A       97%         3
 Lightning Bolt           Conj/Air       0%         1d11      100%        5
 Dispersal                Tloc           0%         N/A       100%        6
 Maxwell's Capacitive Co  Air            0%         ∞         100%        8


Dungeon Overview and Level Annotations

Branches:
Dungeon (6/15)             Temple (1/1) D:4           Sewer (visited)

Altars:
Cheibriados
Dithmenos
Gozag
Okawaru
Wu Jian
The Shining One

Shops:
D:4 !


Innate Abilities, Weirdness & Mutations

You are mostly covered in large bone plates. (SH +6)
Spells you cast may paralyse nearby enemies.
Your touch may irresistibly damage your foes and sap their willpower.


Message History

Aim: Maggie, wielding a +0 halberd and wearing +0 steam dragon scales (lightly wounded, paralysed, very poisoned, 98% to hit)
You throw a poisoned dart. The poisoned dart hits Maggie.
Maggie looks as sick as possible!
Maggie is lightly wounded.
You see here 7 gold pieces.
The helpless Maggie fails to defend herself.
You sock Maggie!
Nothing appears to happen.
Maggie is moderately wounded.
The helpless Maggie fails to defend herself.
You hit Maggie.
Maggie is heavily wounded.
The helpless Maggie fails to defend herself.
You sock Maggie!
Maggie flickers and vanishes!
Deactivating autopickup; reactivate with Ctrl-A.
You hit something but do no damage. You hit something. You freeze something.
You closely miss something. Something hits you.
You sock something! Something hits you!
* * * LOW HITPOINT WARNING * * *
You closely miss something. Something hits you!
* * * LOW HITPOINT WARNING * * *
You feel much better. Something hits you!
* * * LOW HITPOINT WARNING * * *
You barely miss something.
Reactivating autopickup.
You feel a bit more experienced.
Your Spellcasting skill increases to level 2!
Your Hexes skill increases to level 2!
Your Ice Magic skill increases to level 2!
You sock the hornet zombie!
The hornet zombie seems to speed up.
The hornet zombie is heavily damaged.
The hornet zombie barely misses you. The hornet zombie hits you!
* * * LOW HITPOINT WARNING * * *
The hornet zombie hits you.
* * * LOW HITPOINT WARNING * * *
You feel better. The hornet zombie hits you!
* * * LOW HITPOINT WARNING * * *
The hornet zombie hits you!
You die...
Your body crumbles into a pile of gold.

#. #. #. #. #. #.
#.#############
#((...Z@......#
.......###########.#
....... #.# .......
#.# ....... #.######
?...... #......#
.<..... ######.#
....... #.# #.#


You could see a hornet zombie (fast).

Vanquished Creatures
  Maggie (D:6)
  Grinder (D:3)
  Prince Ribbit (D:5)
  An ice beast (D:5)
  An ogre (D:5)
  A kobold brigand (Sewer)
  2 scorpions
  A water moccasin zombie (D:5)
  A water moccasin skeleton (D:5)
  2 centaur zombies (D:5)
  Crazy Yiuf (D:2)
  An orc priest (D:3)
  A hound (D:3)
  Terence (D:2)
  2 orc wizards (D:3)
  6 adders
  2 river rats (Sewer)
  2 adder skeletons (D:4)
  3 worms (D:2)
  A dart slug (D:5)
  12 orcs
  9 ball pythons
  5 endoplasms (D:1)
  2 giant cockroaches (D:3)
  13 goblins
  11 hobgoblins
  10 jackals
  5 quokkas
  8 bats
  A frilled lizard (D:3)
  13 kobolds
  8 rats
129 creatures vanquished.

Notes
Turn   | Place    | Note
-------+----------+-------------------------------------------
     0 | D:5      | flotson the Demonspawn Delver began the quest for the Orb.
     0 | D:5      | Reached XP level 1. HP: 18/18 MP: 1/1
   225 | D:5      | Noticed a scorpion
   250 | D:5      | Reached skill level 1 in Armour
   250 | D:5      | Gained mutation: You are partially covered in large bone
                  | plates. (SH +4) [demonic ancestry]
   250 | D:5      | Reached XP level 2. HP: 13/24 MP: 2/2
   250 | D:5      | Gained mutation: You are mostly covered in large bone
                  | plates. (SH +6) [demonic ancestry]
   250 | D:5      | Reached XP level 3. HP: 16/29 MP: 3/3
   426 | D:5      | Gained mutation: Your touch may inflict minor irresistible
                  | damage on your foes. [demonic ancestry]
   426 | D:5      | Reached XP level 4. HP: 7/37 MP: 4/4
   689 | D:5      | Noticed an ice beast
   832 | D:4      | Reached skill level 4 in Fighting
   983 | D:3      | Noticed Grinder
  1004 | D:3      | Killed Grinder
  1005 | D:3      | Gained mutation: Your touch may inflict irresistible damage
                  | on your foes. [demonic ancestry]
  1005 | D:3      | Reached XP level 5. HP: 23/43 MP: 5/5
  1005 | D:3      | Gained mutation: Spells you cast may paralyse adjacent
                  | enemies. [demonic ancestry]
  1005 | D:3      | Reached XP level 6. HP: 26/49 MP: 6/6
  1074 | D:3      | Found a glowing drain.
  1094 | Sewer    | Entered a sewer
  1292 | Sewer    | Reached skill level 5 in Fighting
  1894 | D:1      | Found a faded altar of an unknown god.
  3165 | D:2      | Found a runed translucent door.
  3166 | D:2      | Noticed Crazy Yiuf
  3588 | D:2      | Noticed Terence
  3596 | D:2      | Killed Terence
  3597 | D:2      | Gained mutation: Your touch may irresistibly damage your
                  | foes and sap their willpower. [demonic ancestry]
  3597 | D:2      | Reached XP level 7. HP: 45/56 MP: 7/7
  3827 | D:2      | Killed Crazy Yiuf
  4024 | D:3      | Reached skill level 1 in Evocations
  4160 | D:3      | Reached skill level 1 in Throwing
  4609 | D:4      | Found Kips's Distillery.
  4741 | D:4      | Found a staircase to the Ecumenical Temple.
  4837 | Temple   | Entered the Ecumenical Temple
  4843 | Temple   | Became a worshipper of Gozag Ym Sagoz the Greedy
  5068 | D:4      | Learned a level 2 spell: Ensorcelled Hibernation
  5361 | D:5      | Noticed Prince Ribbit
  5474 | D:5      | Found a shadowy altar of Dithmenos.
  5550 | D:5      | Killed Prince Ribbit
  5551 | D:5      | Reached skill level 1 in Hexes
  5971 | D:5      | Reached skill level 1 in Spellcasting
  5971 | D:5      | Reached skill level 1 in Ice Magic
  6219 | D:5      | Gained mutation: Spells you cast may paralyse nearby
                  | enemies. [demonic ancestry]
  6219 | D:5      | Reached XP level 8. HP: 63/63 MP: 9/9
  6550 | D:6      | Noticed Maggie
  6589 | D:6      | Killed Maggie
  6591 | D:6      | Slain by a hornet zombie

Illustrated notes

Levels and vault maps discovered:
D:1:      roderic_dead_forest, layout_basic, chequers_ecumenical_altar_island
D:2:      cheibrodos_greedy_goblins, layout_basic, uniq_crazy_yiuf_cottage,
          uniq_terence
D:3:      layout_loops_ring, portal_sewer_entry_b, minmay_misc_feat_square,
          uniq_grinder
D:4:      layout_basic, minmay_temple_entry_junction, serial_shops, shop
D:5:      layout_loops_corners, nicolae_dithmenos_shadow_blocks,
          minmay_quadrilaterals, uniq_prince_ribbit1
D:6:      layout_basic, uniq_maggie
Temple:   nicolae_temple_the_god_donut

Skill      XL: |  1  2  3  4  5  6  7  8 |
---------------+-------------------------+-----
Armour         | 1 3 4 |  4.4
Dodging        | 2 3 4 |  4.9
Fighting       | 4 5 |  5.9
Evocations     | 2 |  2.8
Throwing       | 1 2 |  2.5
Hexes          | 1 2 |  2.1
Spellcasting   | 1 2 |  2.1
Ice Magic      | 1 2 |  2.0
Axes           | |  1.7
Stealth        | |  4.5

Action                   |  1- 3 |  4- 6 |  7- 9 || total
-------------------------+-------+-------+-------++-------
Melee: Trident           |    29 |   200 |     9 ||   238
       Hand axe          |     8 |       |       ||     8
       Touch             |       |    36 |     1 ||    37
       Quarterstaff      |       |       |   166 ||   166
Throw: Dart              |       |       |    22 ||    22
Evoke: Wand              |       |     5 |     4 ||     9
  Use: Potion            |     1 |       |     2 ||     3
       Scroll            |       |     1 |       ||     1
 Stab: Paralysed         |       |     9 |     6 ||    15
       Sleeping          |       |     8 |     1 ||     9
Armor: Leather armour    |     5 |       |       ||     5
       Scale mail        |       |    34 |    55 ||    89
Dodge: Dodged            |    33 |    87 |   105 ||   225
Block: Other             |     5 |    40 |    39 ||    84

Table legend: (Time is in decaauts)
 A = Elapsed time spent in this place.
 B = Non-inter-level travel time spent in this place.
 C = Inter-level travel time spent in this place.
 D = Time resting spent in this place.
 E = Time spent auto-exploring this place.
 F = Levels seen in this place.
 G = Mean time per level.
                   A        B        C        D        E       F      G
               +--------+--------+--------+--------+--------+-----+--------+
         Total |   6742 |   6096 |    646 |      0 |   4865 |   8 |  842.8 |
       Dungeon |   6249 |   5610 |    639 |      0 |   4495 |   6 | 1041.5 |
        Temple |     12 |      6 |      6 |      0 |      0 |   1 |   12.0 |
         Sewer |    480 |    480 |      0 |      0 |    370 |   1 |  480.0 |
               +--------+--------+--------+--------+--------+-----+--------+

Top non-repeatable levels by time:
     D:5: 1859 daAuts
     D:2: 1399 daAuts
     D:1: 985 daAuts
     D:4: 971 daAuts
     D:3: 952 daAuts
   Sewer: 480 daAuts
     D:6: 81 daAuts
  Temple: 12 daAuts
